 Dungeon Crawl Stone Soup version 0.27-a0-1136-g0b992a5a9d (webtiles) character file.

Game seed: 4763017485315803476

386 karrick the Shield-Bearer (level 6, -3/38 HPs)
             Began as a Gargoyle Fighter on May 5, 2021.
             Was an Initiate of Okawaru.
             Slain by Prince Ribbit (6 damage)
             ... on level 5 of the Dungeon.
             The game lasted 00:06:24 (4251 turns).

karrick the Shield-Bearer (Gargoyle Fighter)        Turns: 4251, Time: 00:06:25

Health: -3/38      AC: 14    Str: 20    XL:     6   Next: 78%
Magic:  6/6        EV:  8    Int: 10    God:    Okawaru [......]
Gold:   202        SH: 10    Dex: 11    Spells: 5/5 levels left

rFire    + . .     SeeInvis .   a - +1 flail
rCold    . . .     Faith    .   c - +0 kite shield
rNeg     + . .     Spirit   .   b - +0 scale mail
rPois    ∞         Reflect  .   (no helmet)
rElec    +         Harm     .   (no cloak)
rCorr    +         Rampage  .   (no gloves)
Will     .....                  n - +2 pair of boots
Stlth    ..........             (no amulet)
HPRegen  0.12/turn              m - ring of resist corrosion
MPRegen  0.10/turn              (no ring)

@: invisible
A: sickness immunity, AC +4, negative energy resistance 1, electricity
resistance, torment resistance 1, unbreathing 1, petrification resistance,
clever 1, fire resistance 1
a: Renounce Religion


You were on level 5 of the Dungeon.
You worshipped Okawaru.
Okawaru was noncommittal.
You visited 2 branches of the dungeon, and saw 6 of its levels.

You collected 202 gold pieces.

Inventory:

Hand Weapons
 a - a +1 flail (weapon)
 l - a +1 dagger of venom
Armour
 b - a +0 scale mail (worn)
 c - a +0 kite shield (worn)
 n - a +2 pair of boots (worn)
Jewellery
 m - a ring of resist corrosion (left hand)
Scrolls
 f - a scroll of silence
 g - 2 scrolls of enchant weapon
 i - a scroll of torment {unknown}
 k - a scroll of magic mapping {unknown}
 p - a scroll of noise {unknown}
 r - a scroll of teleportation {unknown}
Potions
 e - a potion of mutation
 h - a potion of attraction
 j - a potion of haste
 o - a potion of curing {unknown}
 q - a potion of heal wounds {unknown}


   Skills:
 + Level 3.8 Fighting
 + Level 4.7 Maces & Flails
 + Level 4.3 Armour
 + Level 0.8 Dodging
 + Level 0.2 Stealth
 + Level 5.1 Shields


You had 5 spell levels left.
You didn't know any spells.
Your spell library contained the following spells:

 Spells                   Type           Power      Damage    Failure   Level
 Foxfire                  Conj/Fire      0%         2x1d4     98%         1
 Shock                    Conj/Air       0%         1d3       98%         1
 Summon Small Mammal      Summ           0%         N/A       98%         1
 Call Imp                 Summ           0%         N/A       99%         2
 Static Discharge         Conj/Air       0%         N/A       99%         2
 Call Canine Familiar     Summ           0%         N/A       100%        3
 Conjure Flame            Conj/Fire      0%         6-21      100%        3
 Inner Flame              Hex/Fire       0%         N/A       100%        3
 Summon Guardian Golem    Hex/Summ       0%         N/A       100%        3
 Swiftness                Air            0%         N/A       100%        3
 Airstrike                Air            0%         N/A       100%        4
 Sticky Flame             Conj/Fire      0%         2d3       100%        4
 Summon Ice Beast         Ice/Summ       0%         N/A       100%        4
 Summon Lightning Spire   Summ/Air       0%         N/A       100%        4
 Fireball                 Conj/Fire      0%         3d3       100%        5
 Lightning Bolt           Conj/Air       0%         1d11      100%        5


Dungeon Overview and Level Annotations

Branches:
Dungeon (5/15)             Temple (1/1) D:5

Altars:
Ashenzari
Cheibriados
Dithmenos
Elyvilon
Fedhas
Gozag
Hepliaklqana
Kikubaaqudgha
Makhleb
Nemelex Xobeh
Okawaru
Qazlal
Ru
Sif Muna
Trog
Uskayaw
Vehumet
Wu Jian
Xom
Yredelemnul
The Shining One

Annotations:
D:4 Sigmund
D:5 Pikel, Prince Ribbit


Innate Abilities, Weirdness & Mutations

You are immune to sickness and miasma.
Your stone body is resilient. (AC +4)
You are immune to poison.
You resist negative energy. (rN+)
You are resistant to electric shocks. (rElec)
You are resistant to unholy torment.
You can survive without breathing.
You are immune to petrification.
Your mind is acute. (Int +2)
Your flesh is heat resistant. (rF+)


Message History

Found a scroll labelled KIUNGI LYC.
Found a tubular sapphire ring.
Prince Ribbit comes into view.
Prince Ribbit gives a loud, deep croak!
A black bear comes into view.
The black bear growls angrily.
Prince Ribbit catches a moth with his tongue.
You block Prince Ribbit's attack.
You thump Prince Ribbit!
Prince Ribbit is moderately wounded.
You block Prince Ribbit's attack. Prince Ribbit barely misses you.
You miss Prince Ribbit.
Prince Ribbit is moderately wounded.
Prince Ribbit hits you!
You closely miss Prince Ribbit.
Prince Ribbit is moderately wounded.
Prince Ribbit hits you. You block Prince Ribbit's attack.
You miss Prince Ribbit.
Prince Ribbit is moderately wounded.
You block Prince Ribbit's attack. x2
Okay, then.
Prince Ribbit hits you!
Prince Ribbit lets out a mournful croak.
You closely miss Prince Ribbit.
Prince Ribbit is moderately wounded.
You block Prince Ribbit's attack. x2
You closely miss Prince Ribbit.
Prince Ribbit is moderately wounded.
Prince Ribbit hits you!
* * * LOW HITPOINT WARNING * * *
Prince Ribbit barely misses you.
You miss Prince Ribbit.
Prince Ribbit is moderately wounded.
Prince Ribbit hits you!
* * * LOW HITPOINT WARNING * * *
Prince Ribbit closely misses you.
It was a potion of invisibility.
You fade into invisibility!
Prince Ribbit closely misses you. Prince Ribbit hits you.
You die...

....... .......
..h.... .......
.......
..=....####+#####
.....?.....hF@..#
........#######.#
........## #
.........#
####.#.####.#
.#......<#.#
#...#.#.....#
..###.#..#### ###
###...##....
###.#


You could see Prince Ribbit and a black bear.

Vanquished Creatures
  Menkaure (D:4)
  An orc priest (D:5)
  Jessica (D:3)
  3 orc wizards
  3 adders
  An ufetubus (D:5)
  A worm (D:2)
  2 dart slugs
  15 orcs
  3 ball pythons
  6 endoplasms
  4 giant cockroaches
  5 goblins
  3 hobgoblins
  3 jackals (D:1)
  5 quokkas
  7 bats
  2 frilled lizards
  6 kobolds
  4 rats
76 creatures vanquished.

Notes
Turn   | Place    | Note
-------+----------+-------------------------------------------
     0 | D:1      | karrick the Gargoyle Fighter began the quest for the Orb.
     0 | D:1      | Reached XP level 1. HP: 14/14 MP: 1/1
   326 | D:1      | Reached XP level 2. HP: 19/19 MP: 2/2
   779 | D:1      | Found a faded altar of an unknown god.
  1069 | D:1      | Reached XP level 3. HP: 23/23 MP: 3/3
  1194 | D:2      | Found a glowing golden altar of the Shining One.
  1910 | D:3      | Noticed Jessica
  2032 | D:3      | Reached XP level 4. HP: 28/28 MP: 4/4
  2067 | D:3      | Killed Jessica
  2068 | D:3      | Reached XP level 5. HP: 9/32 MP: 5/5
  2643 | D:3      | Reached skill level 4 in Shields
  3106 | D:4      | Noticed Menkaure
  3116 | D:4      | Gained mutation: Your mind is acute. (Int +2) [potion of
                  | mutation]
  3116 | D:4      | Gained mutation: Your flesh is heat resistant. (rF+)
                  | [potion of mutation]
  3122 | D:4      | Killed Menkaure
  3123 | D:4      | Reached XP level 6. HP: 10/38 MP: 6/6
  3572 | D:5      | Entered Level 5 of the Dungeon
  3586 | D:5      | Reached skill level 5 in Shields
  3683 | D:4      | Noticed Sigmund
  3980 | D:5      | Found a staircase to the Ecumenical Temple.
  3993 | Temple   | Entered the Ecumenical Temple
  4152 | Temple   | Became a worshipper of Warmaster Okawaru
  4193 | D:5      | Noticed Pikel
  4235 | D:5      | Noticed Prince Ribbit
  4237 | D:5      | Noticed a black bear
  4251 | D:5      | Slain by Prince Ribbit

Illustrated notes

Levels and vault maps discovered:
D:1:      psy_arrival_terrarium, layout_loops_ring,
          shapermc_ecumenical_altar_starsandcircs
D:2:      layout_basic, basic_altar, minmay_misc_feat_square
D:3:      layout_basic, uniq_jessica
D:4:      layout_basic, kennysheep_nondescript, minmay_bisected, uniq_menkaure,
          uniq_sigmund
D:5:      layout_basic, zin_angel, minmay_temple_entry_slanted,
          gammafunk_ghost_gnarly_gnolls, uniq_pikel, uniq_prince_ribbit1
Temple:   kilobyte_greek_temple

Skill      XL: |  1  2  3  4  5  6 |
---------------+-------------------+-----
Maces & Flails | 3 4 |  4.7
Shields        | 4 5 |  5.1
Armour         | 4 |  4.3
Fighting       | |  3.8
Dodging        | |  0.8
Stealth        | |  0.2

Action                   |  1- 3 |  4- 6 || total
-------------------------+-------+-------++-------
Melee: Flail             |   132 |   156 ||   288
       Dagger            |       |     6 ||     6
  Use: Potion            |       |     5 ||     5
       Scroll            |       |     2 ||     2
Armor: Scale mail        |    63 |    85 ||   148
Dodge: Dodged            |    41 |    52 ||    93
Block: Kite shield       |    67 |   135 ||   202

Table legend: (Time is in decaauts)
 A = Elapsed time spent in this place.
 B = Non-inter-level travel time spent in this place.
 C = Inter-level travel time spent in this place.
 D = Time resting spent in this place.
 E = Time spent auto-exploring this place.
 F = Levels seen in this place.
 G = Mean time per level.
                   A        B        C        D        E       F      G
               +--------+--------+--------+--------+--------+-----+--------+
         Total |   4371 |   4143 |    228 |    651 |   2615 |   6 |  728.5 |
       Dungeon |   4182 |   3998 |    184 |    651 |   2472 |   5 |  836.4 |
        Temple |    189 |    145 |     44 |      0 |    143 |   1 |  189.0 |
               +--------+--------+--------+--------+--------+-----+--------+

Top non-repeatable levels by time:
     D:1: 1228 daAuts
     D:3: 1209 daAuts
     D:2: 727 daAuts
     D:4: 682 daAuts
     D:5: 334 daAuts
  Temple: 189 daAuts
